 Dungeon Crawl Stone Soup version 0.32-a0-329-ge6c31236d6 (webtiles) character file.

Game seed: 12217393574646139989

3052 Atlas the Thaumaturge (level 9, -1/45 HPs)
             Began as a Deep Elf Fire Elementalist on Feb 16, 2024.
             Was a Follower of Vehumet.
             Slain by a wight
             ... wielding a +0 great sword
              (19 damage)
             ... on level 7 of the Dungeon.
             The game lasted 00:08:22 (7072 turns).

Atlas the Thaumaturge (Deep Elf Fire Elementalist)  Turns: 7072, Time: 00:08:22

Health: -1/45      AC:  4    Str:  5    XL:     9   Next: 57%
Magic:  18/25      EV: 17    Int: 25    God:    Vehumet [*.....]
Gold:   178        SH:  0    Dex: 15    Spells: 22/29 levels left

rFire   + . .        c - +2 dagger (speed)
rCold   + . .        (no shield)
rNeg    . . .        u - +0 leather armour
rPois   .            (no helmet)
rElec   .            r - scarf {rC+ rF+}
rCorr   .            o - +0 pair of gloves
SInv    .            (no boots)
Will    .....        (no amulet)
Stlth   ++           v - +5 ring of evasion
HPRegen 0.27/turn    (no ring)
MPRegen 0.19/turn

%: no passive effects
@: no status effects
A: no striking features
a: Renounce Religion


You were on level 7 of the Dungeon.
You worshipped Vehumet.
Vehumet was aware of your devotion.
You visited 1 branch of the dungeon, and saw 7 of its levels.

You collected 366 gold pieces.
You spent 188 gold pieces at shops.

Inventory:

Hand Weapons
 c - a +2 dagger of speed (weapon)
Armour
 o - a +0 pair of gloves (worn)
 r - a scarf of resistance (worn)
 u - a +0 leather armour (worn)
Jewellery
 v - a +5 ring of evasion (left hand)
 A - the amulet "Poemu" {rElec Regen+ Str+2}
   (You found it on level 5 of the Dungeon)

   [amulet of regeneration]

   Str+2:     It affects your strength (+2).
   rElec:     It insulates you from electricity.
   Regen+:    It increases your rate of health regeneration.
Wands
 h - a wand of flame (18)
 p - a wand of roots (10)
 t - a wand of mindburst (11)
Scrolls
 a - a scroll of fog
 e - 5 scrolls of teleportation
 g - a scroll of brand weapon
 i - a scroll of fear
 j - 3 scrolls of enchant weapon
 l - a scroll of immolation
 m - a scroll of blinking {unknown}
 w - a scroll of revelation
 x - a scroll of noise {unknown}
 y - a scroll of summoning {unknown}
 z - a scroll of poison {unknown}
 B - 2 scrolls of identify
 C - a scroll of acquirement {unknown}
 D - a scroll of vulnerability {unknown}
Potions
 b - 2 potions of magic
 d - 2 potions of might {unknown}
 f - a potion of brilliance {unknown}
 k - a potion of mutation {unknown}
 n - a potion of cancellation {unknown}
 q - 4 potions of degeneration {unknown}
 s - 3 potions of curing {unknown}
 E - 2 potions of ambrosia {unknown}


   Skills:
 + Level 1.9 Armour
 + Level 3.0 Dodging
 + Level 4.3 Stealth
 + Level 10.9 Spellcasting
 + Level 5.8 Conjurations
 + Level 9.7 Fire Magic


You had 22 spell levels left.
You knew the following spells:

 Your Spells              Type           Power      Damage    Failure   Level
a - Scorch                Fire           100%       2d9       1%          2
b - Foxfire               Conj/Fire      100%       2x1d9     1%          1
c - Flame Wave            Conj/Fire      51%        2d13      3%          4

Your spell library contained the following spells:

 Spells                   Type           Power      Damage    Failure   Level
 Sting                    Conj/Alch      100%       1d9       2%          1
 Kiss of Death            Conj/Necr      100%       2d13      2%          1
 Inner Flame              Hex/Fire       38%        N/A       3%          3
 Volatile Blastmotes      Fire/Tloc      76%        2d16      3%          3
 Confusing Touch          Hex            13%        N/A       22%         3
 Arcjolt                  Conj/Air       14%        1d24      52%         5
 Dispel Undead            Necr           13%        3d9       58%         4
 Vhi's Electric Charge    Tloc/Air       26%        N/A       58%         4
 Plasma Beam              Fire/Air       19%        2x1d30    83%         6


Dungeon Overview and Level Annotations

Branches:
Dungeon (7/15)             Temple (0/1) D:4

Altars:
Ashenzari
Dithmenos
Elyvilon
Fedhas
Gozag
Okawaru
Qazlal
Sif Muna
Trog
Vehumet
Zin
The Shining One

Shops:
D:4 ?   D:6 [


Message History

The wight is severely damaged.
The foxfire hits the wight but does no damage.
The wight is severely damaged.
The wight closely misses you.
Unknown command.
You conjure some foxfire!
The foxfire hits the wight.
You destroy the wight!
Vehumet accepts your kill.
You feel your power returning.
The foxfire hits the gnoll.
The gnoll is heavily wounded.
Your life force feels restored.
You conjure some foxfire!
The foxfire hits the gnoll!
You kill the gnoll!
Vehumet accepts your kill.
The foxfire hits the gnoll sergeant.
The gnoll sergeant is moderately wounded.
A gnoll comes into view. It is wielding a +0 club.
The gnoll sergeant hits you from afar with a +4 trident of flaming!
The gnoll sergeant burns you.
You conjure some foxfire!
The foxfire hits the gnoll sergeant but does no damage.
The gnoll sergeant is moderately wounded.
The foxfire hits the gnoll sergeant but does no damage.
The gnoll sergeant is moderately wounded.
The gnoll sergeant hits you from afar with a +4 trident of flaming!
The gnoll sergeant burns you.
You conjure some foxfire!
The foxfire hits the gnoll sergeant.
The gnoll sergeant is moderately wounded.
The foxfire hits the gnoll sergeant.
The gnoll sergeant is moderately wounded.
The gnoll closely misses you.
The gnoll sergeant hits you from afar with a +4 trident of flaming!
The gnoll sergeant burns you.
A wight comes into view. It is wielding a +0 great sword.
The foxfire hits the gnoll sergeant but does no damage.
The gnoll sergeant is moderately wounded.
The foxfire hits the gnoll sergeant.
The gnoll sergeant is moderately wounded.
The wight hits you with a +0 great sword!!
You die...

............ .............
?. ............ .....
............ .....
#..........#
......#####.........[#
+.....................#
...........g..........#
...........g§§@.......#
...........†.§z.......#
..........#####'###....
........g..# #..)##....
.........)o###..<.#...
........##.).+.)).#...
#.......##..##.....#+##
.........#............###.#
..)..)...#..............#.#


You could see a gnoll sergeant, a wight and a gnoll.

Vanquished Creatures
  Pikel (D:5)
  Grinder (D:3)
  Sigmund (D:6)
  A water moccasin (D:5)
  An ice beast (D:6)
  An orc warrior (D:7)
  2 black bears
  3 bullfrogs
  2 scorpions
  2 wights (D:7)
  13 killer bees (D:7)
  A howler monkey (D:5)
  A bombardier beetle (D:6)
  2 jellies
  A gnoll bouda (D:6)
  3 orc priests
  2 hounds (D:6)
  Jessica (D:3)
  A sleepcap (D:5)
  Ijyb (D:4)
  2 iguanas (D:5)
  An orc wizard (D:5)
  7 adders
  4 gnolls
  2 white imps
  2 dart slugs (D:5)
  7 ribbon worms
  17 orcs
  4 endoplasms
  7 giant cockroaches
  2 goblins (D:3)
  5 hobgoblins
  7 jackals
  7 quokkas
  4 ball pythons
  6 bats
  5 frilled lizards
  5 kobolds
  4 rats
139 creatures vanquished.

Vanquished Creatures (others)
  326 foxfires
326 creatures vanquished.

Grand Total: 465 creatures vanquished

Notes
Turn   | Place    | Note
-------+----------+-------------------------------------------
     0 | D:1      | Atlas the Deep Elf Fire Elementalist began the quest for
                  | the Orb.
     0 | D:1      | Reached XP level 1. HP: 10/10 MP: 6/6
   213 | D:1      | Reached XP level 2. HP: 15/15 MP: 4/8
   774 | D:1      | Reached XP level 3. HP: 19/19 MP: 5/9
   777 | D:1      | Learned a level 2 spell: Scorch
  1357 | D:2      | Found an iron altar of Okawaru.
  1463 | D:2      | You fall into a shaft and drop 2 floors!
  1860 | D:2      | Reached XP level 4. HP: 24/24 MP: 8/11
  2346 | D:3      | Noticed a scorpion
  2352 | D:3      | Killed a scorpion
  2353 | D:3      | Reached skill level 4 in Spellcasting
  2353 | D:3      | Reached skill level 5 in Fire Magic
  2353 | D:3      | Reached XP level 5. HP: 28/28 MP: 2/13
  2617 | D:3      | Found an iron altar of Okawaru.
  2713 | D:3      | Noticed Jessica
  2744 | D:3      | Killed Jessica
  2801 | D:3      | Noticed Grinder
  2816 | D:3      | Killed Grinder
  2817 | D:3      | Reached skill level 5 in Spellcasting
  2817 | D:3      | Reached XP level 6. HP: 32/32 MP: 0/16
  3636 | D:4      | Noticed Ijyb
  3643 | D:4      | Killed Ijyb
  3708 | D:4      | Found a shimmering blue altar of Sif Muna.
  3875 | D:4      | Found a bloodstained altar of Trog.
  3899 | D:4      | Found a broken altar of Ashenzari.
  3982 | D:4      | Reached skill level 6 in Spellcasting
  4077 | D:4      | Found Momin's Magic Scroll Boutique.
  4093 | D:4      | Bought a scroll of identify for 26 gold pieces
  4093 | D:4      | Bought a scroll of identify for 26 gold pieces
  4093 | D:4      | Bought a scroll of teleportation for 39 gold pieces
  4093 | D:4      | Bought a scroll of revelation for 97 gold pieces
  4121 | D:4      | Found a radiant altar of Vehumet.
  4124 | D:4      | Became a worshipper of Vehumet
  4211 | D:4      | Reached XP level 7. HP: 36/36 MP: 14/18
  4302 | D:4      | Found a staircase to the Ecumenical Temple.
  4305 | D:4      | Found a stormy altar of Qazlal.
  4523 | D:4      | Learned a level 4 spell: Flame Wave
  4542 | D:5      | Entered Level 5 of the Dungeon
  4835 | D:5      | Reached skill level 7 in Spellcasting
  4866 | D:5      | Noticed Pikel
  4878 | D:5      | Killed Pikel
  4879 | D:5      | Reached skill level 8 in Spellcasting
  4879 | D:5      | Reached XP level 8. HP: 41/41 MP: 2/22
  5136 | D:5      | Identified the amulet "Poemu" {rElec Regen+ Str+2}
  5208 | D:5      | Found a blossoming altar of Fedhas.
  5685 | D:6      | Noticed Sigmund
  5690 | D:6      | Killed Sigmund
  5691 | D:6      | Reached skill level 1 in Armour
  5727 | D:6      | Reached skill level 9 in Spellcasting
  5907 | D:6      | Found a glowing silver altar of Zin.
  5907 | D:6      | Found a glowing golden altar of the Shining One.
  5908 | D:6      | Found a white marble altar of Elyvilon.
  6035 | D:6      | Found Jius's Armour Boutique.
  6053 | D:6      | Reached skill level 5 in Conjurations
  6059 | D:6      | Reached * piety under Vehumet
  6059 | D:6      | Offered knowledge of Sting by Vehumet.
  6061 | D:6      | Reached XP level 9. HP: 45/45 MP: 10/24
  6310 | D:6      | Found a shadowy altar of Dithmenos.
  6711 | D:7      | Found an opulent altar of Gozag.
  6843 | D:7      | Reached skill level 10 in Spellcasting
  7072 | D:7      | Slain by a wight

Illustrated notes

Levels and vault maps discovered:
D:1:      minmay_arrival_jagged, layout_loops_ring
D:2:      layout_basic, basic_altar
D:3:      layout_basic, old_standard_altar, uniq_jessica, uniq_grinder
D:4:      layout_cave_pools, lemuel_doored_altar,
          mainiacjoe_overflow_tiny_flanked, trog_three_pillars_becter,
          lemuel_crystal_altar, mainiacjoe_overflow_alcove_2,
          minmay_temple_entry_proselytizer, serial_shops, shop,
          nicolae_wormholes, uniq_ijyb
D:5:      layout_basic, lemuel_tele_altar, uniq_pikel
D:6:      layout_gridville, good_gods_mini_temple, general_overflow_altar,
          serial_shops, shop, uniq_sigmund
D:7:      minmay_cornered_nines, layout_basic,
          nicolae_ru_great_annihilating_truth, lemuel_coloured_pillars_altar,
          minivault_25, corner_web_ring, minmay_puff

Skill      XL: |  1  2  3  4  5  6  7  8  9 |
---------------+----------------------------+-----
Fire Magic     | 4 5 6 8 9 |  9.7
Spellcasting   | 4 5 6 8 9 10 | 10.9
Conjurations   | 2 3 4 5 |  5.8
Stealth        | 3 4 |  4.3
Armour         | 1 |  1.9
Dodging        | 3 |  3.0

Action                     |  1- 3 |  4- 6 |  7- 9 || total
---------------------------+-------+-------+-------++-------
  Melee: Dagger            |     1 |     3 |       ||     4
   Cast: Foxfire           |    69 |    66 |   165 ||   300
         Scorch            |    11 |    20 |    24 ||    55
         Flame Wave        |       |       |     3 ||     3
    Use: Scroll            |       |     5 |       ||     5
 Armour: Robe              |     3 |     1 |       ||     4
         Leather armour    |       |       |    18 ||    18
  Dodge: Dodged            |     8 |     8 |    27 ||    43

Table legend: (Time is in decaauts)
 A = Elapsed time spent in this place.
 B = Non-inter-level travel time spent in this place.
 C = Inter-level travel time spent in this place.
 D = Time resting spent in this place.
 E = Time spent auto-exploring this place.
 F = Levels seen in this place.
 G = Mean time per level.
                   A        B        C        D        E       F      G
               +--------+--------+--------+--------+--------+-----+--------+
         Total |   7068 |   6900 |    168 |      0 |   6120 |   7 | 1009.7 |
       Dungeon |   7068 |   6900 |    168 |      0 |   6120 |   7 | 1009.7 |
               +--------+--------+--------+--------+--------+-----+--------+

Top non-repeatable levels by time:
     D:3: 1385 daAuts
     D:1: 1349 daAuts
     D:6: 1245 daAuts
     D:5: 1014 daAuts
     D:4: 1007 daAuts
     D:2: 796 daAuts
     D:7: 270 daAuts
